 Dungeon Crawl Stone Soup version 0.13-a0-2477-geaae114 (webtiles) character file.

172 Rycklaryybbe the Ruffian (level 3, -5/30 HPs)
             Began as a Ghoul Monk on July 19, 2013.
             Slain by Sigmund
             ... wielding a +7,+4 scythe of dragon slaying
              (12 damage)
             ... on Level 2 of the Dungeon.
             The game lasted 00:05:36 (1666 turns).

Rycklaryybbe the Ruffian (Ghoul Monk)               Turns: 1666, Time: 00:05:36

HP  -5/30        AC  2     Str 14      XL: 3   Next: 29%
MP   2/2         EV 12     Int  5      God:
Gold 139         SH  0     Dex 12      Spells:  0 memorised,  2 levels left

Res.Fire  : . . .   See Invis. : .     - Unarmed
Res.Cold  : + . .   Warding    : .   a - +0 robe
Life Prot.: + + +   Conserve   : .   (no shield)
Res.Poison: +       Res.Corr.  : .   (no helmet)
Res.Elec. : .       Clarity    : .   (no cloak)
Sust.Abil.: . .     Spirit.Shd : .   (no gloves)
Res.Mut.  : .       Stasis     : .   (no boots)
Res.Rott. : +       Flight     : .   (no amulet)
Saprovore : + + +                    (no ring)
                                     (no ring)

@: rotting, slowed, very slow, not resistant to hostile enchantments, fairly
stealthy
A: rotting body, claws 1, carnivore 3, cold resistance 1, life protection 3,
poison resistance, saprovore 3, slow healing 1, torment resistance, unbreathing
a: no special abilities


You were on level 2 of the Dungeon.
You were not hungry.

You visited 1 branch of the dungeon, and saw 2 of its levels.

You collected 139 gold pieces.

Inventory:

Hand weapons
 c - a +0,+0 club (quivered)
 h - a +0,+2 hand axe
 i - a +0,+0 club
 j - a +0,+0 club
 l - a -1,+1 orcish club
 s - a +3,+1 dwarven short sword
Missiles
 d - 12 poisoned needles
 k - a poisoned dart
Armour
 a - a +0 robe (worn)
Scrolls
 g - a scroll of noise {unknown}
 o - 2 scrolls of fog {unknown}
 p - 2 scrolls of identify {unknown}
 q - a scroll of teleportation {unknown}
Potions
 e - a potion of curing {unknown}
 f - a potion of brilliance {unknown}
 m - a potion of speed {unknown}
 n - a potion of agility {unknown}
 r - a potion of restore abilities {unknown}


   Skills:
 - Level 3.2 Fighting
 - Level 2.6 Dodging
 - Level 2.1 Stealth
 + Level 5.5 Unarmed Combat


You had 2 spell levels left.
You didn't know any spells.

Dungeon Overview and Level Annotations

Branches:
Dungeon (2/27)

Altars:

Annotations
D:2 Sigmund


Innate Abilities, Weirdness & Mutations

Your body is rotting away.
You have sharp fingernails.
You are carnivorous and can eat meat at any time.
Your flesh is cold resistant.
You are immune to negative energy.
Your system is resistant to poisons.
You thrive on rotten meat.
You heal slowly.
You are immune to unholy pain and torment.
You can survive without breathing.


Message History

Unknown command.
You hit the kobold.
The kobold begins to bleed from its wounds!
The kobold is severely wounded.
The kobold barely misses you.
You hit the kobold.
You kill the kobold!
It hits you!
Things that are here:
a runed dwarven short sword; a kobold corpse
There are several objects here.
Pick up a runed dwarven short sword? ((y)es/(n)o/(a)ll/(m)enu/*?g,/q)
s - a runed dwarven short sword Pick up a kobold corpse? ((y)es/(n)o/(a)ll/(m)enu/*?g,/q)
Okay, then.
It hits you!
* * * LOW HITPOINT WARNING * * *
Drink which item? (? for menu, Esc to quit)
You feel yourself slow down.
It was a potion of slowing.
It hits you!
You die...

#....# #.#.....#.##...
#....# #.#.##.##.##...
#....#######.#.##.##.#####
#>......................@.
#....#######.#.##.##.#####
#....# #.#.##.##.# ####.###
#.#.##.##.#
#....#########.#.##.##.#####
#....).....@....(...........
#....#########.#.##)##.#####
####.# ####.#.##.##.# #.#
#.....)##.##.#
#.######......##.##.#
#.##..........##.##.#
#.##.###......##.##.# #.##.#
####.####.##.# #.##.# #.#
#.##.#


There were no monsters in sight!

Vanquished Creatures
  A giant gecko (D:2)
  2 bats (D:1)
  A giant cockroach (D:1)
  4 goblins
  5 hobgoblins
  2 jackals (D:2)
  6 kobolds
  9 rats (D:1)
30 creatures vanquished.

Vanquished Creatures (others)
  A plant (D:2)
1 creature vanquished.

Grand Total: 31 creatures vanquished

Notes
Turn   | Place    | Note
--------------------------------------------------------------
     0 | D:1      | Rycklaryybbe, the Ghoul Monk, began the quest for the Orb.
     0 | D:1      | Reached XP level 1. HP: 17/17 MP: 0/0
   329 | D:1      | Reached XP level 2. HP: 12/24 MP: 1/1
   783 | D:1      | Reached skill level 5 in Unarmed Combat
  1265 | D:1      | Reached XP level 3. HP: 23/23 MP: 2/2
  1589 | D:2      | Noticed Sigmund
  1666 | D:2      | Slain by Sigmund

Action                   || total
-------------------------++-------
Melee: Unarmed           ||    86
Throw: Club              ||     4
       Dart              ||     3
       Hand axe          ||     1
  Use: Potion            ||     1
 Stab: Sleeping          ||     5
